 Dungeon Crawl Stone Soup version 0.29.0-7-g18a832c13a (webtiles) character file.

Game seed: 6383152909003756715

135960 Mahakala the Bludgeoner (level 17, -11/111 HPs)
             Began as a Gargoyle Monk on Aug 31, 2022.
             Was the Champion of the Shining One.
             Mangled by Donald
             ... wielding a +1 eveningstar of venom
              (33 damage)
             ... on level 1 of the Swamp.
             The game lasted 01:45:22 (23414 turns).

Mahakala the Bludgeoner (Gargoyle Monk)            Turns: 23414, Time: 01:45:23

Health: -11/111    AC: 41    Str: 23    XL:     17   Next: 20%
Magic:  11/35      EV:  7    Int: 11    God:    the Shining One [******]
Gold:   2269       SH: 13    Dex: 12    Spells: 16/16 levels left

rFire   . . .      SeeInvis +   b - +2 eveningstar (protect)
rCold   + . .      Faith    .   U - +0 kite shield
rNeg    + + +      Spirit   .   k - +0 plate armour
rPois   ∞          Reflect  .   I - +1 helmet
rElec   +          Harm     .   J - scarf {repulsion}
rCorr   .          Rampage  .   V - +0 pair of gloves
Will    +++..                   d - +0 pair of boots
Stlth   ..........              n - amulet of regeneration
HPRegen 1.08/turn               z - ring "Noupn" {Will++ MP+9 SInv}
MPRegen 0.24/turn               j - ring of protection from cold

@: under a protective aura, flying, hasted, glowing, repel missiles, very quick
A: sickness immunity, AC +12, big wings, negative energy resistance 1,
electricity resistance, torment resistance 1, petrification resistance
a: Renounce Religion, Divine Shield, Cleansing Flame, Summon Divine Warrior,
Brand Weapon With Holy Wrath


You were on level 1 of the Swamp.
You worshipped the Shining One.
The Shining One was exalted by your worship.
You visited 5 branches of the dungeon, and saw 23 of its levels.
You also visited: Gauntlet.

You collected 3337 gold pieces.
You spent 1068 gold pieces at shops.

Inventory:

Hand Weapons
 a - a +2 whip of venom
 b - a +2 eveningstar of protection (weapon)
Missiles
 i - 6 curare-tipped darts {!f}
 o - 10 boomerangs
 q - 29 poisoned darts (quivered)
 E - 3 atropa-tipped darts {!f}
Armour
 d - a +0 pair of boots (worn)
 k - a +0 plate armour (worn)
 y - a +2 tower shield
 I - a +1 helmet (worn)
 J - a scarf of repulsion (worn)
 U - a +0 kite shield (worn)
 V - a +0 pair of gloves (worn)
Jewellery
 j - a ring of protection from cold (right hand)
 l - a ring of ice
 n - an amulet of regeneration (around neck)
 z - the ring "Noupn" (left hand) {Will++ MP+9 SInv}
   (You bought it in a shop on level 5 of the Dungeon)

   [ring of see invisible]

   MP:        It affects your magic capacity (+9).
   SInv:      It lets you see invisible.
   Will:      It greatly increases your willpower.
 B - a ring of willpower
 Q - a +4 ring of protection
Wands
 p - a wand of mindburst (27)
 t - a wand of flame (7)
 u - a wand of paralysis (2)
 v - a wand of digging (7)
 D - a wand of roots (3)
 M - a wand of polymorph (14)
Scrolls
 g - a scroll of poison
 h - 2 scrolls of teleportation {@r4}
 r - a scroll of enchant armour {unknown}
 A - a scroll of acquirement
 C - 2 scrolls of fear
 G - a scroll of butterflies {unknown}
 H - 2 scrolls of blinking
 K - 7 scrolls of magic mapping
 L - a scroll of brand weapon {unknown}
 N - 4 scrolls of immolation {!r}
 P - 3 scrolls of summoning
 S - a scroll of identify {@r1}
 W - 5 scrolls of enchant weapon
 X - 2 scrolls of vulnerability {!r}
Potions
 c - a potion of ambrosia
 e - a potion of attraction {!q}
 f - 3 potions of haste {@q3}
 m - a potion of cancellation
 s - 10 potions of curing {@q1}
 w - a potion of might
 x - a potion of heal wounds {@q2}
 F - 2 potions of brilliance
 R - a potion of berserk rage
 Y - a potion of lignification {unknown}
 Z - a potion of magic {unknown}
Miscellaneous
 O - a lightning rod (4/4)


   Skills:
 + Level 14.1 Fighting
 - Level 16.0 Maces & Flails
 + Level 13.1 Armour
 - Level 2.4 Dodging
 - Level 2.1 Stealth
 + Level 14.6 Shields
 - Level 12.0 Invocations
 - Level 6.3 Evocations


You had 16 spell levels left.
You didn't know any spells.
Your spell library contained the following spells:

 Spells                   Type           Power      Damage    Failure   Level
 Foxfire                  Conj/Fire      0%         2x1d4     99%         1
 Freeze                   Ice            0%         1d3       99%         1
 Sandblast                Erth           0%         2d4       99%         1
 Summon Small Mammal      Summ           0%         N/A       99%         1
 Passwall                 Tmut/Erth      0%         N/A       100%        2
 Poisonous Vapours        Pois/Air       0%         N/A       100%        2
 Call Canine Familiar     Summ           0%         N/A       100%        3
 Ignite Poison            Fire/Tmut/Pois 0%         N/A       100%        3
 Lesser Beckoning         Tloc           0%         N/A       100%        3
 Portal Projectile        Hex/Tloc       0%         N/A       100%        3
 Stone Arrow              Conj/Erth      0%         3d7       100%        3
 Summon Guardian Golem    Hex/Summ       0%         N/A       100%        3
 Animate Armour           Summ/Erth      0%         N/A       100%        4
 Corpse Rot               Necr/Pois/Air  0%         N/A       100%        4
 Leda's Liquefaction      Hex/Erth       0%         N/A       100%        4
 Passage of Golubria      Tloc           0%         N/A       100%        4
 Petrify                  Tmut/Erth      0%         N/A       100%        4
 Sticky Flame             Conj/Fire      0%         2d3       100%        4
 Blade Hands              Tmut           0%         N/A       100%        5
 Freezing Cloud           Conj/Ice/Air   0%         6-21      100%        5
 Metabolic Englaciation   Hex/Ice        0%         N/A       100%        5
 Silence                  Hex/Air        0%         N/A       100%        5
 Summon Forest            Summ/Tloc      0%         N/A       100%        5
 Iron Shot                Conj/Erth      0%         9d1       100%        6
 Simulacrum               Ice/Necr       0%         N/A       100%        6
 Lehudib's Crystal Spear  Conj/Erth      0%         10d2      100%        8
 Statue Form              Tmut/Erth      Unusable   N/A       N/A         6

Dungeon Overview and Level Annotations

Branches:
Dungeon (14/15)            Temple (1/1) D:7            Lair (5/5) D:9
  Swamp (1/4) Lair:3       Spider (0/4) Lair:3        Slime (0/5) Lair:4
    Orc (2/2) D:11            Elf (0/3) Orc:2        Vaults (0/5) D:14
Gauntlet (visited)

Altars:
Ashenzari
Cheibriados
Dithmenos
Elyvilon
Fedhas
Gozag
Hepliaklqana
Kikubaaqudgha
Makhleb
Nemelex Xobeh
Okawaru
Qazlal
Ru
Sif Muna
Trog
Uskayaw
Vehumet
Wu Jian
Xom
Yredelemnul
Zin
The Shining One
Jiyva

Shops:
D:5 =   D:10 [   D:13 =   Orc:1 *   Orc:2 [**(

Portals:
Bazaar: D:14

Annotations:
D:5 3 runed translucent doors, Thoth777's ghost, novice OpVM
D:14 exclusions: obsidian statue and orange crystal statue
Lair:2 vault with scaries behind door
Lair:3 2 runed translucent doors, exclusion: oklob plant, SensoryNuts's ghost, journeyman MiFi
Lair:4 exclusion: oklob plant
Swamp:1 Donald
Orc:1 2 transporters, TarVian's ghost, journeyman MiFi


Innate Abilities, Weirdness & Mutations

You are immune to sickness and miasma.
Your stone body is resilient. (AC +12)
You are immune to poison.
Your large and strong wings let you fly.
You resist negative energy. (rN+)
You are resistant to electric shocks. (rElec)
You are resistant to unholy torment.
You are immune to petrification.


Message History

Activating: Cleansing Flame (1% risk of failure)
Press: ? - help, Dir - look around, f - activate The golden flame engulfs you but does no damage.
You resist.
The golden flame engulfs Mlioglotl!!!
Mlioglotl writhes in agony!
You kill Mlioglotl!
The Shining One accepts your kill.
The small abomination disappears in a puff of smoke!
The large abomination disappears in a puff of smoke!
The smoke demon disappears in a puff of smoke!
The harpy disappears in a puff of smoke!
The profane servitor disappears in a puff of smoke!
The golden flame engulfs your daeva.
Your daeva completely resists.
Your daeva is heavily wounded.
The golden flame engulfs Donald!!!
Donald is heavily wounded.
You hear a hideous shriek!
You feel yourself speed up. Donald barely misses you.
Your daeva calls down the wrath of the Shining One upon Donald.
Donald is smitten.
Donald hits you with a +1 eveningstar of venom!!
* * * LOW HITPOINT WARNING * * *
Donald blocks your attack.
Donald is heavily wounded.
Your daeva calls down the wrath of the Shining One upon Donald.
Donald is smitten.
You hit Donald but do no damage.
Your weapon exudes an aura of protection.
Donald is severely wounded.
Donald says, "I hate you, too." You block Donald's attack.
Donald blocks your attack.
Donald is severely wounded.
You block Donald's attack.
Your daeva hits Donald with a +3 scimitar of holy wrath!
Your daeva hits Donald with a +3 scimitar of holy wrath.
Donald blocks your attack.
Donald is almost dead.
Donald hits you with a +1 eveningstar of venom!!
You die...

♣.~..♣♣ ♣.~~~..[.~.~.♣
♣....~♣♣♣#~~~~~.[..~.♣ .
♣~.♣♣~....~~~~~~.....♣
....~~.~~~~.~~~~~~~...~♣
.♣~.~~~~~~~~.....~~§...~♣
.#~.~~~~~~~~.~♣♣~~~~~~~♣♣
.....~~~~..♣♣♣♣.~~§~...♣
.♣♣♣♣§♣♣..A.♣♣♣.†..~♣~~♣♣
♣♣ ♣♣.~@@~~<.~~.....♣
♣§~~~~.♣~.....~~.♣
♣♣.~~~~~.~~~~..~~~♣
♣~.~§~~....♣.....♣♣
♣~.~~~~~#..~......♣
♣♣♣.~~~........~~.♣
♣♣.~~~........~~~♣
♣♣♣.~~~§~..~~~♣.~~~~
♣~.~~§~~~~§...♣♣..~♣


You could see Donald (fast, strong, ally target, reflecting) and a friendly
daeva (summoned).

Vanquished Creatures
  Jorgrun (D:14)
  Rupert (Lair:5)
  Mlioglotl (Swamp:1)
  Agnes (D:14)
  Frances (D:14)
  A tengu reaver (D:13)
  Roxanne (D:14)
  Louise (D:14)
  A vampire knight (D:13)
  2 bunyips (Lair:3)
  Snorg (Orc:2)
  An ettin (Orc:2)
  A fire dragon (Lair:5)
  A boulder beetle (D:14)
  2 vault guards (D:14)
  2 two-headed ogres
  12 hydras
  4 catoblepae
  8 centaur warriors
  An anaconda (Lair:2)
  A two-headed ogre (shapeshifter) (D:13)
  A death yak (Lair:2)
  A tengu warrior (D:13)
  Lodul (D:14)
  2 bog bodies (Swamp:1)
  A wizard (D:13)
  A lindwurm (Lair:5)
  2 deep elf pyromancers
  An orc knight (Orc:2)
  An orc sorcerer (Orc:1)
  5 cyclopes
  2 manticores
  22 ugly things
  24 elephants
  Joseph (D:7)
  6 black mambas
  4 torpor snails
  13 cane toads
  2 gargoyles
  2 molten gargoyles (Lair:5)
  An efreet (D:13)
  3 unseen horrors
  A freezing wraith (D:13)
  3 rime drakes
  10 komodo dragons
  A meliai (Lair:3)
  2 hornets
  6 trolls
  6 polar bears
  2 tyrant leeches
  21 blink frogs
  9 dream sheep
  A shadow (D:10)
  6 centaur simulacra
  4 wraiths
  10 wyverns
  10 humans (D:14)
  6 steam dragons
  49 yaks
  3 basilisks
  5 vampire mosquitoes
  7 redbacks (D:12)
  Menkaure (D:6)
  4 wargs
  4 swamp worms
  3 acid dragons
  Duvessa (D:6)
  9 water moccasins
  3 hell hounds (Lair:5)
  30 orc warriors
  A swamp drake (Swamp:1)
  3 black bears
  A sky beast (D:7)
  20 centaurs
  13 ogres
  18 wolves
  4 scorpions
  6 bullfrogs
  A gnoll sergeant (D:8)
  4 wights
  Dowan (D:6)
  3 killer bees (Lair:3)
  6 electric eels
  4 howler monkeys
  3 lava snakes (Lair:5)
  A hound (D:4)
  11 jellies
  20 orc priests
  A gnoll bouda (D:6)
  4 iguanas
  18 orc wizards
  8 adders
  12 gnolls
  A shadow imp (D:6)
  2 white imps (D:10)
  5 ufetubi
  A worm (D:2)
  4 dart slugs
  70 orcs
  6 ball pythons
  11 endoplasms
  4 giant cockroaches
  7 goblins
  8 hobgoblins
  3 jackals (D:3)
  6 kobolds
  A quokka (D:1)
  8 bats
  A frilled lizard (D:1)
  8 rats
667 creatures vanquished.

Vanquished Creatures (collateral kills)
  A crystal guardian (D:13)
  A lindwurm (Lair:5)
  A molten gargoyle (Lair:5)
  A komodo dragon (Lair:5)
  A wyvern (Lair:5)
  A basilisk (Lair:5)
  2 lava snakes (Lair:5)
8 creatures vanquished.

Vanquished Creatures (others)
  A vault guard (D:14)
  A bloated husk (Swamp:1)
  41 fungi
  46 plants
89 creatures vanquished.

Grand Total: 764 creatures vanquished

Notes
Turn   | Place    | Note
-------+----------+-------------------------------------------
     0 | D:1      | Mahakala the Gargoyle Monk began the quest for the Orb.
     0 | D:1      | Reached XP level 1. HP: 14/14 MP: 1/1
   118 | D:1      | Reached XP level 2. HP: 19/19 MP: 2/2
   759 | D:1      | Reached skill level 4 in Maces & Flails
  1053 | D:1      | Reached XP level 3. HP: 23/23 MP: 3/3
  1628 | D:2      | Reached XP level 4. HP: 28/28 MP: 4/4
  2220 | D:3      | Found a faded altar of an unknown god.
  2236 | D:3      | Noticed a +0 short sword
  2237 | D:3      | Noticed a +0 spear
  2237 | D:3      | Noticed a +0 dagger
  2237 | D:3      | Noticed a +0 spear
  2238 | D:3      | Noticed a +0 dagger
  2238 | D:3      | Noticed a +0 falchion
  2238 | D:3      | Noticed a +0 falchion
  2239 | D:3      | Found a hide-covered altar of Uskayaw.
  2239 | D:3      | Noticed a +0 short sword
  2262 | D:3      | Got Tatiament's Grimoire of Conflagration and Elsewhere
  2358 | D:3      | Reached skill level 5 in Maces & Flails
  3044 | D:4      | Noticed a scorpion
  3072 | D:4      | Killed a scorpion
  3073 | D:4      | Reached XP level 5. HP: 32/32 MP: 5/5
  3188 | D:4      | Reached skill level 6 in Maces & Flails
  3216 | D:4      | Found a glowing golden altar of the Shining One.
  3217 | D:4      | Found a sparkling altar of Nemelex Xobeh.
  3221 | D:4      | Became a worshipper of the Shining One
  3221 | D:4      | Reached * piety under the Shining One
  3221 | D:4      | Reached ** piety under the Shining One
  3284 | D:4      | Reached XP level 6. HP: 37/37 MP: 6/6
  3367 | D:4      | Noticed a black bear
  3381 | D:4      | Killed a black bear
  3382 | D:4      | Reached skill level 7 in Maces & Flails
  3522 | D:4      | Reached skill level 1 in Armour
  3695 | D:4      | Reached XP level 7. HP: 42/42 MP: 7/7
  3867 | D:5      | Entered Level 5 of the Dungeon
  4226 | D:5      | Found Jocaryga's One-of-a-Kind Rings.
  4524 | D:5      | Found a runed translucent gate.
  4524 | D:5      | Noticed Thoth777's ghost (novice OpVM)
  4524 | D:5      | Identified the +7 hand axe of Ohocs {vorpal, rElec rF+
                  | Str-3 Dex+4}
  4524 | D:5      | Identified the +3 ring mail of Imiagi {MP+9 Dex-4 Slay+2}
  4525 | D:5      | Found a runed translucent gate.
  4526 | D:5      | Found a runed translucent gate.
  4701 | D:5      | Reached skill level 8 in Maces & Flails
  5261 | D:6      | Noticed Menkaure
  5274 | D:6      | Killed Menkaure
  5275 | D:6      | Reached XP level 8. HP: 42/48 MP: 5/8
  5395 | D:6      | Reached skill level 5 in Fighting
  5490 | D:6      | Noticed Duvessa
  5490 | D:6      | Noticed Dowan
  5506 | D:6      | Killed Duvessa
  5515 | D:6      | Killed Dowan
  5516 | D:6      | Reached skill level 9 in Maces & Flails
  5647 | D:6      | Reached *** piety under the Shining One
  6069 | D:7      | Reached skill level 1 in Invocations
  6120 | D:7      | Found a staircase to the Ecumenical Temple.
  6138 | D:7      | Reached XP level 9. HP: 33/55 MP: 10/10
  6141 | Temple   | Entered the Ecumenical Temple
  6293 | D:7      | Noticed Joseph
  6318 | D:7      | Killed Joseph
  6319 | D:7      | Reached skill level 5 in Armour
  6346 | D:7      | Identified the +0 robe of Habla {Slay+2}
  7007 | D:8      | Noticed a hornet
  7020 | D:8      | Killed a hornet
  7021 | D:8      | Reached skill level 10 in Maces & Flails
  7228 | D:8      | Found an iron altar of Okawaru.
  7228 | D:8      | Found a blossoming altar of Fedhas.
  7686 | D:8      | Reached skill level 5 in Invocations
  7772 | D:8      | Reached XP level 10. HP: 61/61 MP: 12/14
  8583 | D:9      | Found a staircase to the Lair.
  8593 | Lair:1   | Entered Level 1 of the Lair of Beasts
  8631 | Lair:1   | Reached skill level 11 in Maces & Flails
  8757 | Lair:1   | Reached skill level 1 in Evocations
  8803 | Lair:1   | Noticed an elephant
  8804 | Lair:1   | Noticed an elephant
  8805 | Lair:1   | Noticed an elephant
  8839 | Lair:1   | Killed an elephant
  8845 | Lair:1   | Noticed an elephant
  8847 | Lair:1   | Noticed an elephant
  8847 | Lair:1   | Reached **** piety under the Shining One
  8858 | Lair:1   | Noticed an elephant
  8862 | Lair:1   | Killed an elephant
  8868 | Lair:1   | Killed an elephant
  8881 | Lair:1   | Killed an elephant
  8890 | Lair:1   | Killed an elephant
  8894 | Lair:1   | Killed an elephant
  8895 | Lair:1   | Reached XP level 11. HP: 14/67 MP: 6/17
  9118 | Lair:1   | Reached skill level 5 in Evocations
  9443 | Lair:1   | Found an ornate altar of the Wu Jian Council.
  9467 | Lair:1   | Noticed a catoblepas
  9486 | Lair:1   | Killed a catoblepas
  9725 | Lair:1   | Reached skill level 10 in Invocations
  9904 | Lair:2   | Noticed a five-headed hydra
  9906 | Lair:2   | Noticed a catoblepas
 10217 | Lair:2   | Killed a five-headed hydra
 10218 | Lair:2   | Reached skill level 12 in Maces & Flails
 10218 | Lair:2   | Reached XP level 12. HP: 51/75 MP: 19/19
 10239 | Lair:2   | Killed a catoblepas
 10440 | Lair:2   | Noticed a four-headed hydra
 10464 | Lair:2   | Killed a four-headed hydra
 10692 | Lair:2   | Noticed an anaconda
 10958 | Lair:2   | Noticed a seven-headed hydra
 10974 | Lair:2   | Killed a seven-headed hydra
 10981 | Lair:2   | Noticed a catoblepas
 11065 | Lair:2   | Killed an anaconda
 11066 | Lair:2   | Reached skill level 13 in Maces & Flails
 11155 | Lair:2   | Killed a catoblepas
 11351 | Lair:2   | Noticed a death yak
 11532 | Lair:3   | Reached skill level 1 in Shields
 11847 | Lair:3   | Reached skill level 5 in Shields
 11847 | Lair:3   | Reached XP level 13. HP: 80/80 MP: 20/20
 12352 | Lair:3   | Reached skill level 14 in Maces & Flails
 12444 | Lair:3   | Found a staircase to the Swamp.
 12606 | Lair:3   | Found a large runed translucent door.
 12606 | Lair:3   | Found a large runed translucent door.
 12615 | Lair:3   | Noticed SensoryNuts's ghost (journeyman MiFi)
 12688 | Lair:3   | Found a hole to the Spider Nest.
 13059 | Lair:4   | Identified the +6 long sword "Jellybane" {speed, *Noise
                  | rCorr Str+5}
 13219 | Lair:4   | Found a gate leading to a gauntlet.
 13227 | Gauntlet | Entered a Gauntlet
 13227 | Gauntlet | Found a transporter.
 13234 | Gauntlet | Found a transporter.
 13235 | Gauntlet | Found a transporter.
 13244 | Gauntlet | Found a transporter.
 13247 | Gauntlet | Found a transporter.
 13255 | Gauntlet | Found a transporter.
 13259 | Gauntlet | Found a transporter.
 13259 | Gauntlet | Noticed a blizzard demon
 13262 | Gauntlet | Reached ***** piety under the Shining One
 13267 | Gauntlet | Found a transporter.
 13271 | Gauntlet | Found a transporter.
 13275 | Gauntlet | Found a runed translucent door.
 13275 | Gauntlet | Found a runed translucent door.
 13279 | Gauntlet | Found a transporter.
 13279 | Gauntlet | Noticed an entropy weaver
 13301 | Gauntlet | Found a transporter.
 13313 | Gauntlet | Found a transporter.
 13325 | Gauntlet | Found a transporter.
 13337 | Gauntlet | Found a transporter.
 13477 | Lair:4   | Identified 2 scrolls of acquirement
 13477 | Lair:4   | Acquired a +2 eveningstar of protection
 13761 | Lair:4   | Found a staircase to the Slime Pits.
 13769 | Lair:4   | Found a viscous altar of Jiyva.
 14317 | Lair:5   | Entered Level 5 of the Lair of Beasts
 14396 | Lair:5   | Reached skill level 10 in Fighting
 14638 | Lair:5   | Found a large runed translucent door.
 14725 | Lair:5   | Found a large runed translucent door.
 14769 | Lair:5   | Gained mutation: Your large and strong wings let you fly.
                  | [Gargoyle growth]
 14769 | Lair:5   | Reached XP level 14. HP: 72/88 MP: 15/21
 15006 | Lair:5   | Reached skill level 10 in Shields
 15127 | Lair:5   | Noticed Rupert
 15207 | Lair:5   | Reached skill level 10 in Armour
 15803 | D:5      | Bought the ring "Noupn" {Will++ MP+9 SInv} for 768 gold
                  | pieces
 15803 | D:5      | Acquired 889 gold pieces
 16067 | Lair:5   | Killed Rupert
 16068 | Lair:5   | Reached skill level 15 in Maces & Flails
 16681 | D:10     | Entered Level 10 of the Dungeon
 16801 | D:10     | Found a broken altar of Ashenzari.
 17345 | D:10     | Found a burning altar of Makhleb.
 17451 | D:10     | Found Fimnaiz's Armour Boutique.
 17771 | D:11     | Found a staircase to the Orcish Mines.
 18961 | D:12     | Reached XP level 15. HP: 96/96 MP: 22/22
 18992 | D:12     | Reached XP level 16. HP: 101/101 MP: 25/25
 19222 | D:12     | Identified the +2 quarterstaff of Fragile Peace {drain,
                  | rElec Will+ SInv Stlth+}
 19421 | D:13     | Reached ****** piety under the Shining One
 19592 | D:13     | Found a runed translucent door.
 19792 | D:13     | Found Xypnun's Jewellery Boutique.
 20036 | D:13     | Got the Incunable of the Winter and Superposition
 20281 | D:13     | Noticed a tengu reaver
 20287 | D:13     | HP: 3/102 [crystal guardian/crystal bolt (56)]
 20293 | D:13     | Killed a tengu reaver
 20398 | D:14     | Found a gateway to a bazaar.
 20603 | D:14     | Noticed Roxanne
 20634 | D:14     | Noticed Lodul
 20640 | D:14     | Killed Lodul
 20661 | D:14     | Reached skill level 16 in Maces & Flails
 20687 | D:14     | Noticed Jorgrun
 20705 | D:14     | Killed Jorgrun
 20841 | D:14     | Noticed Louise
 20866 | D:14     | Killed Louise
 21295 | D:14     | Noticed Agnes
 21319 | D:14     | Killed Agnes
 21543 | D:14     | Found a gate to the Vaults.
 21614 | D:14     | Killed Roxanne
 21635 | D:14     | Noticed Frances
 21653 | D:14     | Killed Frances
 21825 | Orc:1    | Entered Level 1 of the Orcish Mines
 21860 | Orc:1    | Found Leuf Uts's Mayhem Merchandise.
 21934 | Orc:1    | Found a shimmering blue altar of Sif Muna.
 21969 | Orc:1    | Got Sif Muna's Book of the Volcanoes
 22025 | Orc:2    | Entered Level 2 of the Orcish Mines
 22043 | Orc:2    | Noticed Snorg
 22057 | Orc:2    | Killed Snorg
 22120 | Orc:2    | Found a staircase to the Elven Halls.
 22127 | Orc:2    | Reached XP level 17. HP: 110/110 MP: 26/26
 22425 | Orc:1    | Found a transporter.
 22427 | Orc:1    | Noticed TarVian's ghost (journeyman MiFi)
 22428 | Orc:1    | Identified the +5 dire flail "Zapriec" {flame, Fly}
 22428 | Orc:1    | Identified the +7 giant club "Brush" {freeze, rN+ Str+4
                  | Int-5}
 22432 | Orc:1    | Found a transporter.
 22874 | Orc:2    | Found Duyz's General Store.
 22874 | Orc:2    | Found Ceirep's General Store.
 22876 | Orc:2    | Found Noras's Armour Shop.
 22878 | Orc:2    | Found Gyc Kogi's Antique Weapon Shoppe.
 22891 | Orc:2    | Bought 2 potions of haste for 300 gold pieces
 23143 | Swamp:1  | Entered Level 1 of the Swamp
 23392 | Swamp:1  | Noticed Mlioglotl
 23397 | Swamp:1  | Noticed Donald
 23405 | Swamp:1  | Noticed a profane servitor
 23409 | Swamp:1  | Killed Mlioglotl
 23414 | Swamp:1  | Mangled by Donald

Illustrated notes

Levels and vault maps discovered:
D:1:      wander_arrival_chamber, layout_basic
D:2:      layout_basic
D:3:      layout_basic, nicolae_uskayaw_en_pointe,
          shapermc_ecumenical_altar_starsandcircs
D:4:      layout_loops_ring, gammafunk_temple_overflow_statue
D:5:      layout_layer_cave, biasface_ghost_orc_armoury, dk_noncrumbling_4,
          nicolae_shop_unique_rings
D:6:      layout_loops_cross, uniq_duvessa, uniq_menkaure
D:7:      layout_rooms, minmay_temple_entry_antechambers, uniq_joseph
D:8:      layout_basic, gammafunk_temple_overflow_elements
D:9:      layout_cross, lair_entry_dummy
D:10:     layout_basic, lightli_temple_of_fire, nicolae_ashenzari_skybound,
          serial_ice, serial_ice_l, serial_ice_n, serial_ice_e, serial_ice_b,
          serial_ice_c, serial_ice_a, serial_ice_f, serial_shops,
          nicolae_square_shop
D:11:     layout_stronghold, orc_0_dummy, serial_glass, glass_columns_b,
          glass_columns_b, glass_columns_c, glass_columns_a, glass_columns_b,
          glass_columns_b, minmay_strange_pillars, item_on_display_b,
          feat_on_display, minmay_strange_pillars
D:12:     layout_basic, drop_trap
D:13:     minmay_the_grid_octo_2x2 [minmay_the_grid_octo_concentric,
          minmay_the_grid_octo_toaster, minmay_the_grid_octo_empty,
          minmay_the_grid_octo_prize_square_snowflake], layout_basic,
          serial_shops, shop, minivault_13
D:14:     layout_roguey, ximxim_vaults_locker_room, serial_shops, statue_bzr,
          skrybe_limestone_x, grunt_livestock, minmay_more_statues,
          uniq_jorgrun, uniq_frances, uniq_roxanne, uniq_louise, uniq_agnes,
          uniq_lodul
Temple:   regret_index_temple_waves
Lair:1:   layout_cave_pods, basic_altar, serial_bayou_pond_d,
          grunt_forest_stairs_basic
Lair:2:   layout_misc_corridors, nicolae_lair_lakeside_cave, lemuel_fruit_fields
Lair:3:   layout_loops_ring, palyth_hydra_swamp_entry,
          hellmonk_spider_entry_not_the_bees, ebering_ghost_disaster_area,
          grunt_megastairs_5, infiniplex_staircase_pool_2
Lair:4:   layout_gridlike, minmay_slime_entry_jelly_boxes,
          gauntlet_entry_generic
Lair:5:   cheibrodos_lair_end_hotspot, layout_layer_cave, uniq_rupert
Swamp:1:  layout_basic_swamp, nicolae_swamp_godswood, uniq_donald,
          uniq_mlioglotl
Orc:1:    layout_caves, gammafunk_ghost_smash, minmay_shop_mayhem, led_sif_book
Orc:2:    st_orc_rangers, layout_caves, uniq_snorg

Skill      XL: |  1  2  3  4  5  6  7  8  9 10 11 12 13 14 15 16 17 |
---------------+----------------------------------------------------+-----
Maces & Flails | 4 5 6 7 8 9 10 11 12 13 14 15 16 | 16.0
Armour         | 1 3 4 5 6 7 8 9 10 12 13 | 13.1
Fighting       | 4 6 7 8 9 10 11 13 14 | 14.1
Invocations    | 2 5 8 10 12 | 12.0
Evocations     | 4 6 |  6.3
Shields        | 5 9 12 14 | 14.6
Dodging        | |  2.4
Stealth        | |  2.1

Action                   |  1- 3 |  4- 6 |  7- 9 | 10-12 | 13-15 | 16-18 || total
-------------------------+-------+-------+-------+-------+-------+-------++-------
Melee: Mace              |   100 |   180 |    85 |       |       |       ||   365
       Punch             |       |     1 |     7 |    14 |     7 |       ||    29
       Whip              |       |       |   241 |   199 |    90 |     4 ||   534
       Morningstar       |       |       |       |   350 |   161 |       ||   511
       Eveningstar       |       |       |       |       |   716 |   871 ||  1587
 Fire: Sling             |    18 |     5 |       |       |       |       ||    23
Throw: Dart              |       |       |       |     2 |       |       ||     2
Invok: Divine Shield     |       |     1 |     2 |     1 |     5 |       ||     9
       Cleansing Flame   |       |       |       |     2 |       |     4 ||     6
       Summon Divine War |       |       |       |       |     1 |     2 ||     3
Evoke: Wand              |       |       |       |     1 |     1 |     7 ||     9
  Use: Scroll            |       |     7 |     2 |     8 |     5 |     5 ||    27
       Potion            |       |       |       |       |     4 |     3 ||     7
 Stab: Sleeping          |     1 |       |       |       |       |       ||     1
Armor: Ring mail         |    21 |       |       |       |       |       ||    21
       Scale mail        |    21 |    90 |   101 |       |       |       ||   212
       Plate armour      |       |       |    73 |   528 |   556 |   504 ||  1661
Dodge: Dodged            |    58 |    79 |   123 |   177 |   204 |   222 ||   863
       Repelled          |       |       |       |     2 |     7 |     7 ||    16
Block: Other             |       |     6 |     7 |       |    18 |       ||    31
       Tower shield      |       |       |       |    51 |       |       ||    51
       Kite shield       |       |       |       |       |   390 |   543 ||   933
